 Dungeon Crawl Stone Soup version 0.28-a0-662-g1651b1f1e0 (webtiles) character file.

Game seed: 10451320423229978043

21 cheechan the Ducker (level 2, -2/20 HPs)
             Began as an Octopode Gladiator on Oct 14, 2021.
             Slain by a jackal (3 damage)
             ... on level 1 of the Dungeon.
             The game lasted 00:02:49 (638 turns).

cheechan the Ducker (Octopode Gladiator)             Turns: 638, Time: 00:02:50

Health: -2/20      AC:  1    Str: 13    XL:     2   Next: 83%
Magic:  2/2        EV: 14    Int: 10    God:
Gold:   0          SH:  0    Dex: 13    Spells: 1/1 levels left

rFire   . . .      SeeInvis .   a - +0 flail
rCold   . . .      Faith    .   (no shield)
rNeg    . . .      Spirit   .   b - +0 hat
rPois   .          Reflect  .   (no amulet)
rElec   .          Harm     .   (no ring)
rCorr   .          Rampage  .   (no ring)
Will    .....                   (no ring)
Stlth   ++........              (no ring)
HPRegen 0.06/turn               (no ring)
MPRegen 0.08/turn               (no ring)
                                (no ring)
                                (no ring)

@: no status effects
A: almost no armour, amphibious, 8 rings, camouflage 1, gelatinous body 1,
(nimble swimmer 1), tentacles
a: no special abilities


You were on level 1 of the Dungeon.
You visited 1 branch of the dungeon, and saw 1 of its levels.

Inventory:

Hand Weapons
 a - a +0 flail (weapon)
Missiles
 c - 3 throwing nets (quivered)
Armour
 b - a +0 hat (worn)
Potions
 d - a potion of attraction {unknown}


   Skills:
 + Level 2.3 Fighting
 + Level 3.3 Maces & Flails
 + Level 2.0 Throwing
 + Level 3.3 Dodging
 + Level 0.2 Stealth


You had one spell level left.
You didn't know any spells.
Your spell library was empty.

Dungeon Overview and Level Annotations

Branches:
Dungeon (1/15)

Altars:
Dithmenos

Shops:
D:1 !?(


Innate Abilities, Weirdness & Mutations

You cannot wear most types of armour.
You are amphibious.
You can wear up to eight rings at the same time.
Your skin changes colour to match your surroundings (Stealth+).
Your rubbery body absorbs attacks. (AC +1, EV +1)
((You are camouflaged near water. (Stealth+)))
You have tentacles for arms and can constrict up to eight enemies at once.


Message History

You completely miss the frilled lizard. You grab the frilled lizard.
You constrict the frilled lizard.
You kill the frilled lizard!
You see here a frilled lizard corpse.
A jackal comes into view. 3 jackals come into view.
The jackal barks! x3
The jackal barks!
You hit the jackal but do no damage. You grab the jackal.
You constrict the jackal. The jackal barely misses you.
The jackal closely misses you.
The jackal escapes!
The jackal misses you.
The jackal bites you but does no damage.
The jackal closely misses you. The jackal barely misses you.
You hit the jackal. You grab the jackal.
The jackal is severely wounded.
You constrict the jackal.
The jackal bites you. x3; The jackal misses you.
The jackal closely misses you. The jackal bites you.
The jackal barely misses you.
You hit the jackal but do no damage.
The jackal is almost dead.
You constrict the jackal, but do no damage.
The jackal bites you. x3; The jackal closely misses you.
The jackal bites you but does no damage.
You release your grip on the jackal.
The jackal barely misses you. The jackal bites you. x2
* * * LOW HITPOINT WARNING * * *
The jackal bites you.
* * * LOW HITPOINT WARNING * * *
The jackal closely misses you.
You closely miss the jackal. Your grab misses the jackal.
The jackal is moderately wounded.
The jackal barely misses you. The jackal bites you.
* * * LOW HITPOINT WARNING * * *
The jackal bites you but does no damage.
The jackal misses you.
You hit the jackal. You grab the jackal.
The jackal is heavily wounded.
You constrict the jackal. The jackal closely misses you. The jackal bites you.
You die...

##### #######.########.#.#
......#........hh..#
#####.#........hh#.#
#.##########@#.# #.........†....#
################...######
........# .....#....# #####
........############.##.#####....
............................'....
####.......#.#######..#.#####....
# #.#####.#.# #..#.# #.... # #.#
#.#.#.# #..#.# #....


You could see 4 jackals.

Vanquished Creatures
  A dart slug (D:1)
  2 ball pythons (D:1)
  2 endoplasms (D:1)
  A giant cockroach (D:1)
  4 goblins (D:1)
  3 hobgoblins (D:1)
  A quokka (D:1)
  A frilled lizard (D:1)
15 creatures vanquished.

Notes
Turn   | Place    | Note
-------+----------+-------------------------------------------
     0 | D:1      | cheechan the Octopode Gladiator began the quest for the
                  | Orb.
     0 | D:1      | Reached XP level 1. HP: 14/14 MP: 1/1
    25 | D:1      | Found Quroh's Weapon Shop.
   174 | D:1      | Reached XP level 2. HP: 19/19 MP: 2/2
   184 | D:1      | Found Zikeisas's Magic Scroll Shop.
   241 | D:1      | Found Suinkyxt's Distillery.
   451 | D:1      | Found a faded altar of an unknown god.
   492 | D:1      | Prayed at the altar of an unknown god.
   492 | D:1      | Became a worshipper of Dithmenos the Shadowed
   492 | D:1      | Reached * piety under Dithmenos
   493 | D:1      | Fell from the grace of Dithmenos
   637 | D:1      | HP: 1/20 [jackal (1)]
   638 | D:1      | Slain by a jackal

Illustrated notes

Levels and vault maps discovered:
D:1:      dpeg_arrival_orchard, layout_basic, serial_shops, shop_fountains,
          nicolae_shop_window_shopping, shop, shop, nicolae_shop_statue_plus,
          shapermc_ecumenical_altar_notcrosses, minmay_misc_feat_nine_boxes

Action                   || total
-------------------------++-------
Melee: Flail             ||    25
       Constrict         ||     9
       Tentacles         ||     3
Invok: Renounce Religion ||     1
 Stab: Sleeping          ||     2
Armor: Skin              ||     4
Dodge: Dodged            ||    26

Table legend: (Time is in decaauts)
 A = Elapsed time spent in this place.
 B = Non-inter-level travel time spent in this place.
 C = Inter-level travel time spent in this place.
 D = Time resting spent in this place.
 E = Time spent auto-exploring this place.
 F = Levels seen in this place.
 G = Mean time per level.
                   A        B        C        D        E       F      G
               +--------+--------+--------+--------+--------+-----+--------+
         Total |    644 |    644 |      0 |      0 |      0 |   1 |  644.0 |
       Dungeon |    644 |    644 |      0 |      0 |      0 |   1 |  644.0 |
               +--------+--------+--------+--------+--------+-----+--------+

Top non-repeatable levels by time:
     D:1: 644 daAuts
